 Dungeon Crawl Stone Soup version 0.28-a0-973-ga7f8b01127 (webtiles) character file.

Game seed: 9925417198623271676

4280 Iscandelvey the Destroyer (level 10, 0/63 HPs)
             Began as a Demonspawn Conjurer on Dec 2, 2021.
             Was an Initiate of Vehumet.
             Succumbed to Erica's bolt of poison
             ... on level 7 of the Dungeon.
             The game lasted 00:39:30 (9454 turns).

Iscandelvey the Destroyer (Demonspawn Conjurer)     Turns: 9454, Time: 00:39:30

Health: 0/63       AC: 18    Str:  5 (7)  XL:     10   Next: 10%
Magic:  20/20      EV: 11    Int: 21 (24) God:    Vehumet [......]
Gold:   305        SH:  0    Dex: 18      Spells: 14/23 levels left

rFire   . . .      SeeInvis .   g - +1 dagger (venom)
rCold   + . .      Faith    .   (no shield)
rNeg    . . .      Spirit   .   b - quicksilver dragon scales
rPois   .          Reflect  .   (no helmet)
rElec   .          Harm     .   D - +1 cloak
rCorr   .          Rampage  .   u - +0 pair of gloves
Will    +....                   Q - +0 pair of boots
Stlth   ++........              (no amulet)
HPRegen 0.20/turn               x - ring of protection from cold
MPRegen 0.17/turn               M - +6 ring of dexterity

@: lethally poisoned (0 -> -2)
A: icy blue scales 2, demonic guardian 1, weakness stinger 1
a: Renounce Religion


You were on level 7 of the Dungeon.
You worshipped Vehumet.
Vehumet was noncommittal.
You visited 2 branches of the dungeon, and saw 9 of its levels.

You collected 305 gold pieces.

Inventory:

Hand Weapons
 c - a +0 short sword
 e - a +0 hunting sling
 g - a +1 dagger of venom (weapon)
 F - a +2 whip of flaming
 I - a +1 mace of protection
 J - a +0 scythe of venom
Missiles
 d - 169 stones
 h - 48 sling bullets
 j - 43 bolts
 m - 54 poisoned darts (quivered)
 o - 112 arrows
 L - 3 boomerangs
 N - 5 javelins
Armour
 b - quicksilver dragon scales (worn)
 u - a +0 pair of gloves (worn)
 D - a +1 cloak (worn)
 K - a +0 buckler
 Q - a +0 pair of boots (worn)
Jewellery
 f - an amulet of regeneration
 x - a ring of protection from cold (left hand)
 A - an amulet of magic regeneration
 M - a +6 ring of dexterity (right hand)
Wands
 n - a wand of acid (4)
 y - a wand of mindburst (13)
 E - a wand of flame (20)
 G - a wand of polymorph (5)
 H - a wand of charming (7)
 O - a wand of iceblast (7)
Scrolls
 a - a scroll of enchant armour {unknown}
 i - a scroll of amnesia {unknown}
 p - 3 scrolls of vulnerability {unknown}
 r - 2 scrolls of identify {unknown}
 s - a scroll of fear {unknown}
 v - 2 scrolls of magic mapping {unknown}
 w - a scroll of blinking {unknown}
 z - 3 scrolls of teleportation {unknown}
 P - 2 scrolls of torment {unknown}
Potions
 l - 3 potions of attraction
 q - a potion of magic
 t - a potion of resistance {unknown}
 B - a potion of might
 C - a potion of lignification


   Skills:
 - Level 4.0 Throwing
 + Level 4.4 Armour
 + Level 5.0 Dodging
 + Level 5.2 Stealth
 + Level 2.0 Shields
 * Level 7.0 Spellcasting
 * Level 8.5 Conjurations


You had 14 spell levels left.
You knew the following spells:

 Your Spells              Type           Power      Damage    Failure   Level
a - Magic Dart            Conj           100%       1d8       1%          1
b - Searing Ray           Conj           86%        2d7       1%          2
c - Dazzling Flash        Conj/Hex       50%        N/A       19%         3
d - Mephitic Cloud        Conj/Pois/Air  19%        N/A       32%         3

Your spell library contained the following spells:

 Spells                   Type           Power      Damage    Failure   Level
 Animate Skeleton         Necr           14%        N/A       34%         1
 Apportation              Tloc           14%        N/A       34%         1
 Summon Small Mammal      Summ           28%        N/A       34%         1
 Call Imp                 Summ           7%         N/A       47%         2
 Scorch                   Fire           14%        2d5       47%         2
 Flame Wave               Conj/Fire      25%        2d6       52%         4
 Fulminant Prism          Conj/Hex       12%        3d9       52%         4
 Iskenderun's Mystic Bla  Conj/Tloc      25%        2d7       52%         4
 Ozocubu's Armour         Ice            7%         N/A       71%         3
 Alistair's Intoxication  Tmut/Pois      4%         N/A       100%        5
 Borgnjor's Vile Clutch   Necr/Erth      3%         N/A       100%        5
 Metabolic Englaciation   Hex/Ice        3%         N/A       100%        5
 Eringya's Noxious Bog    Tmut/Pois      3%         N/A       100%        6
 Simulacrum               Ice/Necr       3%         N/A       100%        6
 Summon Cactus Giant      Summ           3%         N/A       100%        6


Dungeon Overview and Level Annotations

Branches:
Dungeon (8/15)             Temple (1/1) D:7            Lair (0/6) D:8

Altars:
Cheibriados
Dithmenos
Elyvilon
Gozag
Hepliaklqana
Kikubaaqudgha
Okawaru
Ru
Sif Muna
Trog
Vehumet
Xom
Yredelemnul
Zin
The Shining One

Annotations:
D:8 Erica, Harold


Innate Abilities, Weirdness & Mutations

You are mostly covered in icy blue scales. (AC +3)
A weak demonic guardian rushes to your aid.
You have a small tail.


Message History

The bolt of poison hits you.
You are poisoned.
* * * LOW HITPOINT WARNING * * *
You climb upwards.
Reactivating autopickup.
* * * LOW HITPOINT WARNING * * *
You feel very sick.
There is a stone staircase leading down here.
Keep disrobing?
* * * LOW HITPOINT WARNING * * *
You feel very sick.
You start removing your amulet.
You continue taking off your amulet of magic regeneration.
Magic restored.
* * * LOW HITPOINT WARNING * * *
You feel sick.
You continue taking off your amulet of magic regeneration.
* * * LOW HITPOINT WARNING * * *
You feel sick.
You continue taking off your amulet of magic regeneration.
* * * LOW HITPOINT WARNING * * *
You feel sick.
You continue taking off your amulet of magic regeneration.
* * * LOW HITPOINT WARNING * * *
You feel sick.
You finish taking off your amulet of magic regeneration.
Okay, then.
Okay, then.
You start putting on your amulet.
You continue putting on your amulet of magic regeneration.
Keep equipping yourself? [Y]es or [N]o only, please.
Keep equipping yourself?
* * * LOW HITPOINT WARNING * * *
You feel sick.
You continue putting on your amulet of magic regeneration.
* * * LOW HITPOINT WARNING * * *
You feel sick.
You continue putting on your amulet of magic regeneration.
You die...

#### ...# ...# ...# ...#
^..#
...######################
................@.......#
####....#############.###
#....# #.# #....# #.#
###### #.# #.# #.#
#####################.#
...................)).#


There were no monsters in sight!

Vanquished Creatures
  Pikel (D:5)
  A troll (D:7)
  Sigmund (D:5)
  6 yaks (D:5)
  Menkaure (D:5)
  A sky beast (D:6)
  An ice beast (D:6)
  Duvessa (D:5)
  A necrophage (D:5)
  A kobold brigand (D:5)
  4 lemures (D:5)
  A phantom (D:5)
  Blork the orc (D:5)
  3 bullfrogs
  A scorpion (D:6)
  2 water moccasin skeletons (D:4)
  Dowan (D:5)
  2 water moccasin zombies
  5 killer bees (D:8)
  A howler monkey (D:4)
  7 wights (D:7)
  A jelly (D:6)
  3 hounds
  A gnoll shaman (D:3)
  Ijyb (D:5)
  2 orc wizards (D:6)
  Natasha (thrice) (D:4)
  3 hound skeletons
  8 gnolls
  14 adders
  2 white imps
  An ufetubus (D:4)
  An adder skeleton (D:4)
  24 orcs
  7 endoplasms
  3 giant cockroaches
  7 goblins
  7 hobgoblins
  3 jackals (D:1)
  4 quokkas
  10 ball pythons
  5 bats
  2 frilled lizards (D:1)
  13 kobolds
  3 rats
171 creatures vanquished.

Vanquished Creatures (collateral kills)
  A black bear (D:6)
  2 iguanas (D:4)
  A howler monkey zombie (D:7)
4 creatures vanquished.

Vanquished Creatures (others)
  8 plants (D:2)
8 creatures vanquished.

Grand Total: 183 creatures vanquished

Notes
Turn   | Place    | Note
-------+----------+-------------------------------------------
     0 | D:1      | Iscandelvey the Demonspawn Conjurer began the quest for the
                  | Orb.
     0 | D:1      | Reached XP level 1. HP: 13/13 MP: 3/3
   201 | D:1      | Gained mutation: You are partially covered in icy blue
                  | scales. (AC +2) [demonic ancestry]
   201 | D:1      | Reached XP level 2. HP: 19/19 MP: 0/5
   880 | D:1      | Gained mutation: You have a small tail. [demonic ancestry]
   880 | D:1      | Reached XP level 3. HP: 24/24 MP: 6/6
  1462 | D:2      | Found a faded altar of an unknown god.
  1782 | D:2      | Reached skill level 1 in Armour
  1862 | D:2      | Reached XP level 4. HP: 22/30 MP: 7/7
  3169 | D:3      | Learned a level 2 spell: Searing Ray
  3274 | D:4      | Gained mutation: A weak demonic guardian rushes to your
                  | aid. [demonic ancestry]
  3274 | D:4      | Reached XP level 5. HP: 24/35 MP: 4/9
  3509 | D:3      | Reached skill level 1 in Throwing
  3509 | D:3      | Reached skill level 5 in Conjurations
  3788 | D:4      | Found an iron altar of Okawaru.
  3910 | D:4      | Gained mutation: You are mostly covered in icy blue scales.
                  | (AC +3) [demonic ancestry]
  3910 | D:4      | Reached XP level 6. HP: 22/41 MP: 9/11
  4180 | D:4      | Noticed an orc warrior
  4357 | D:4      | Noticed Natasha
  4369 | D:4      | Killed Natasha
  4528 | D:4      | Noticed Natasha
  4537 | D:4      | Killed Natasha
  4538 | D:4      | Reached XP level 7. HP: 35/46 MP: 7/12
  4624 | D:4      | Noticed Natasha
  4637 | D:4      | Killed Natasha
  4920 | D:5      | Entered Level 5 of the Dungeon
  4950 | D:5      | Reached skill level 6 in Conjurations
  5026 | D:5      | Noticed Ijyb
  5026 | D:5      | Noticed a yak
  5026 | D:5      | Noticed a yak
  5027 | D:5      | Noticed a yak
  5030 | D:5      | Noticed a yak
  5031 | D:5      | Noticed a yak
  5048 | D:5      | Killed a yak
  5055 | D:5      | Killed a yak
  5056 | D:5      | Reached XP level 8. HP: 38/52 MP: 5/14
  5059 | D:5      | Reached skill level 5 in Spellcasting
  5253 | D:5      | Killed Ijyb
  5328 | D:5      | Noticed Sigmund
  5339 | D:5      | Learned a level 3 spell: Dazzling Flash
  5366 | D:5      | Noticed Blork the orc
  5380 | D:5      | Killed Blork the orc
  5391 | D:5      | Noticed Pikel
  5424 | D:5      | Killed Pikel
  5425 | D:5      | Reached skill level 7 in Conjurations
  5621 | D:5      | Noticed Duvessa
  5621 | D:5      | Noticed Dowan
  5699 | D:5      | Killed Duvessa
  5700 | D:5      | Reached XP level 9. HP: 57/57 MP: 11/17
  5702 | D:5      | Killed Dowan
  5834 | D:5      | Noticed Menkaure
  6230 | D:5      | Killed Sigmund
  6972 | D:5      | Killed Menkaure
  7347 | D:6      | Reached skill level 1 in Shields
  7347 | D:6      | Reached skill level 8 in Conjurations
  7594 | D:6      | HP: 2/57 [poisoned by a scorpion]
  8096 | D:6      | Reached skill level 5 in Stealth
  8573 | D:7      | Found a staircase to the Ecumenical Temple.
  8585 | Temple   | Entered the Ecumenical Temple
  8621 | Temple   | Became a worshipper of Vehumet
  9094 | D:7      | Noticed a troll
  9105 | D:7      | Killed a troll
  9106 | D:7      | Reached skill level 5 in Dodging
  9106 | D:7      | Reached XP level 10. HP: 43/63 MP: 15/20
  9374 | D:8      | Learned a level 3 spell: Mephitic Cloud
  9385 | D:8      | Noticed Harold
  9391 | D:8      | Noticed Erica
  9397 | D:8      | Found a staircase to the Lair.
  9450 | D:7      | HP: 3/63 [poisoned by Erica (bolt of poison)]
  9452 | D:7      | HP: 1/63 [poisoned by Erica (bolt of poison)]
  9454 | D:7      | Succumbed to Erica's bolt of poison

Illustrated notes

Levels and vault maps discovered:
D:1:      dpeg_arrival_connections, layout_basic
D:2:      layout_loops_cross, shapermc_ecumenical_altar_starsandcircs,
          minivault_27, guppyfry_early_lair_pool
D:3:      layout_rooms
D:4:      layout_basic, lemuel_doored_altar, minmay_pentomino_pile, uniq_natasha
D:5:      layout_basic, uniq_ijyb, uniq_blork_the_orc, uniq_pikel, uniq_sigmund,
          uniq_menkaure, uniq_duvessa
D:6:      layout_rooms, amcnicky_mini_corridor_feature,
          kennysheep_generic_room_7
D:7:      layout_basic, minmay_temple_entry_glassed_door,
          nicolae_underground_beach
D:8:      layout_rooms, lair_entry_dummy, serial_shops, shop,
          kennysheep_small_spiral, uniq_erica, uniq_harold
Temple:   compressed_dpeg_circular_temple

Skill      XL: |  1  2  3  4  5  6  7  8  9 10 |
---------------+-------------------------------+-----
Stealth        | 2 3 4 5 |  5.2
Dodging        | 2 3 4 5 |  5.0
Armour         | 1 2 3 4 |  4.4
Spellcasting   | 3 4 5 6 7 |  7.0
Throwing       | 1 2 3 4 |  4.0
Conjurations   | 5 6 7 8 |  8.5
Shields        | 1 2 |  2.0

Action                   |  1- 3 |  4- 6 |  7- 9 | 10-12 || total
-------------------------+-------+-------+-------+-------++-------
Melee: Unarmed           |     6 |       |       |       ||     6
       Short sword       |    42 |       |       |       ||    42
       Dagger            |    50 |   185 |   163 |     9 ||   407
       Tailslap          |     1 |    18 |    34 |     1 ||    54
       Whip              |       |       |    52 |       ||    52
       Mace              |       |       |    19 |       ||    19
 Fire: Hunting sling     |    27 |       |     2 |       ||    29
Throw: Dart              |       |     1 |    15 |       ||    16
 Cast: Magic Dart        |    18 |       |     4 |       ||    22
       Searing Ray       |       |     9 |    40 |     4 ||    53
       Dazzling Flash    |       |       |     4 |       ||     4
  Use: Potion            |       |       |     6 |       ||     6
 Stab: Sleeping          |     1 |     1 |     2 |       ||     4
Armor: Quicksilver drago |    63 |   152 |   181 |    19 ||   415
Dodge: Dodged            |    77 |   113 |   164 |    15 ||   369

Table legend: (Time is in decaauts)
 A = Elapsed time spent in this place.
 B = Non-inter-level travel time spent in this place.
 C = Inter-level travel time spent in this place.
 D = Time resting spent in this place.
 E = Time spent auto-exploring this place.
 F = Levels seen in this place.
 G = Mean time per level.
                   A        B        C        D        E       F      G
               +--------+--------+--------+--------+--------+-----+--------+
         Total |   9490 |   9044 |    446 |   2650 |   4210 |   9 | 1054.4 |
       Dungeon |   9425 |   9003 |    422 |   2650 |   4210 |   8 | 1178.1 |
        Temple |     65 |     41 |     24 |      0 |      0 |   1 |   65.0 |
               +--------+--------+--------+--------+--------+-----+--------+

Top non-repeatable levels by time:
     D:5: 1965 daAuts
     D:4: 1604 daAuts
     D:3: 1374 daAuts
     D:1: 1374 daAuts
     D:6: 1051 daAuts
     D:2: 963 daAuts
     D:7: 946 daAuts
     D:8: 144 daAuts
  Temple: 65 daAuts
